 Dungeon Crawl Stone Soup version 0.26-a0-259-g1effd001a9 (webtiles) character file.

Game seed: 13510941866849215802

92110 tilp the Spry (level 15, -1/80 HPs)
             Began as a Spriggan Enchanter on July 15, 2020.
             Was the Champion of Dithmenos.
             Killed by mirror damage (42 damage)
             ... on level 14 of the Dungeon.
             The game lasted 01:12:25 (29919 turns).

tilp the Spry (Spriggan Enchanter)                 Turns: 29919, Time: 01:12:26

Health: -1/80      AC:  7    Str:  1    XL:     15   Next: 56%
Magic:  17/28      EV: 35    Int: 22    God:    Dithmenos [******]
Gold:   2081       SH: 14    Dex: 28    Spells: 5/30 levels left

rFire    . . .     SeeInvis +   a - +5 dagger (elec)
rCold    . . .     Faith    .   y - +0 buckler
rNeg     . . .     Spirit   .   m - +2 robe {MR+}
rPois    +         Reflect  +   (helmet restricted)
rElec    +         Harm     .   M - +2 cloak
rCorr    .                      (gloves unavailable)
MR       +++..                  (boots unavailable)
Stlth    ++++++++++             G - amulet of reflection
HPRegen  0.23/turn              F - ring "Uluteuz" {rElec Str-3 Dex+10 SInv Stlth+}
MPRegen  0.21/turn              U - ring of poison resistance

@: wreathed by umbra, very quick
A: very small, unfitting armour, see invisible, herbivore, speed 3, slow
metabolism 2
a: Shadow Step, Shadow Form, Renounce Religion


You were on level 14 of the Dungeon.
You worshipped Dithmenos.
Dithmenos was exalted by your worship.
You were not hungry.

You visited 3 branches of the dungeon, and saw 22 of its levels.
You also visited: Sewer and Ossuary.

You collected 2095 gold pieces.
You spent 14 gold pieces at shops.

Inventory:

Hand Weapons
 a - a +5 dagger of electrocution (weapon)
 b - a +3 vorpal dagger
 w - a +0 falchion of holy wrath
 T - a +2 dagger of draining
Missiles
 e - 2 throwing nets {!f}
 g - 27 poisoned darts (quivered)
 h - 16 curare-tipped darts {!f}
Armour
 m - a +2 robe of magic resistance (worn)
 y - a +0 buckler (worn)
 H - a +0 troll leather armour
 M - a +2 cloak (worn)
Jewellery
 F - the ring "Uluteuz" (left hand) {rElec Str-3 Dex+10 SInv Stlth+}
   (You found it on level 5 of the Lair of Beasts)

   [ring of stealth]

   It affects your strength (-3).
   It affects your dexterity (+10).
   It insulates you from electricity.
   It lets you see invisible.
   It makes you more stealthy.
 G - an amulet of reflection (around neck)
 K - an uncursed ring of protection from magic
 L - an uncursed ring of positive energy
 O - a +6 ring of intelligence
 P - an uncursed amulet of regeneration
 Q - an uncursed ring of resist corrosion
 U - a ring of poison resistance (right hand)
Wands
 l - a wand of flame (29)
 t - a wand of clouds (1)
 A - a wand of polymorph (54)
 B - a wand of iceblast (1)
 I - a wand of paralysis (3)
 N - a wand of disintegration (17)
 R - a wand of acid (4)
 S - a wand of digging (4)
Scrolls
 c - 3 scrolls of teleportation
 j - 3 scrolls of magic mapping
 p - 6 scrolls of fog
 s - 8 scrolls of remove curse
 u - 6 scrolls of enchant armour
 x - 3 scrolls of amnesia
 J - 4 scrolls of identify
 W - a scroll of fear
Potions
 f - 4 potions of haste
 i - 3 potions of heal wounds
 k - 8 potions of curing
 n - 4 potions of flight
 o - 7 potions of lignification
 q - 4 potions of brilliance
 r - a potion of berserk rage
 v - 3 potions of magic
 z - 3 potions of ambrosia
 C - 4 potions of might
 D - a potion of mutation
 E - a potion of stabbing
Miscellaneous
 V - a lightning rod (4/4)
Comestibles
 d - 105 rations


   Skills:
 + Level 10.1 Fighting
 - Level 10.0 Short Blades
 + Level 15.2 Dodging
 - Level 15.0 Stealth
 - Level 4.0 Shields
 + Level 8.4 Spellcasting
 - Level 6.0 Conjurations
 - Level 12.0 Hexes
 - Level 6.0 Ice Magic
 - Level 6.0 Invocations
 + Level 10.4 Evocations


You had 5 spell levels left.
You knew the following spells:

 Your Spells              Type           Power        Failure   Level
a - Corona                Hex            ######.      1%          1
b - Ensorcelled Hibernat  Hex/Ice        #####.       1%          2
c - Confusing Touch       Hex            ######..     1%          3
d - Tukima's Dance        Hex            ######..     1%          3
e - Dazzling Flash        Conj/Hex       #####.       1%          3
f - Slow                  Hex            ######..     1%          2
g - Blink                 Tloc           N/A          13%         2
h - Magic Dart            Conj           ####         1%          1
i - Call Imp              Summ           #.......     13%         2
j - Frozen Ramparts       Ice            #####.       2%          3
k - Ozocubu's Armour      Chrm/Ice       ###.....     8%          3

Your spell library contained the following spells:

 Spells                   Type           Power        Failure   Level
 Freeze                   Ice            ####         1%          1
 Conjure Flame            Conj/Fire      ###.....     8%          3
 Hailstorm                Conj/Ice       #####...     8%          4
 Animate Skeleton         Necr           #.....       9%          1
 Pain                     Necr           #...         9%          1
 Mephitic Cloud           Conj/Pois/Air  ###.....     12%         3
 Vampiric Draining        Necr           #.........   26%         3
 Summon Ice Beast         Ice/Summ       ###.....     26%         4
 Animate Dead             Necr           #.........   65%         4
 Agony                    Necr           #.......     94%         5


Dungeon Overview and Level Annotations

Branches:
Dungeon (14/15)            Temple (0/1) D:5            Lair (6/6) D:11
  Swamp (0/4) Lair:2        Snake (0/4) Lair:4        Slime (0/5) Lair:5
    Orc (2/2) D:9             Elf (0/3) Orc:2        Vaults (0/5) D:13
  Sewer (visited)         Ossuary (visited)

Altars:
Ashenzari
Dithmenos
Fedhas
Makhleb
Nemelex Xobeh
Qazlal
Sif Muna
Uskayaw
Yredelemnul
The Shining One
Jiyva

Shops:
D:5 (%   D:13 *   Orc:2 [![!

Portals:
Trove: D:13 (show abyssal rune of Zot)

Annotations:
Orc:2 2 transporters, p0werm0de's ghost, journeyman GrFi


Innate Abilities, Weirdness & Mutations

You are very small and have problems with some larger weapons.
You are too small for most types of armour.
You have supernaturally acute eyesight. (SInv)
You are a herbivore.
You cover ground extremely quickly.
You need to consume almost no food.


Message History

The orc priest calls down the wrath of Beogh upon you.
Beogh smites you!
You hit the death knight but do no damage.
Your shadow hits the death knight but does no damage.
You hit the death knight but do no damage.
Your shadow closely misses the death knight.
The death knight completely misses you.
The orc priest casts a cantrip, but nothing happens.
You hit the death knight but do no damage.
Your shadow hits the death knight but does no damage.
You hit the death knight but do no damage.
The death knight appears confused.
Your shadow barely misses the death knight.
You strike the helpless death knight from behind!
You perforate the death knight like a sieve!!!
Lightning courses through the death knight!!
The death knight is almost dead.
The death knight reflects your damage back at you!
Ouch! That really hurt!
You die...

### #<# #.#
#.# #.# #.#
#@# ## #p# ..
#o#######
###.###co.....
#.$..p§oo..##
#......<..#
#....o.##.#
#.....(..c#
#####.##..#


You could see a death knight (reflects damage, confused), a yaktaur, an orc
priest and an orc.

Vanquished Creatures
  Saint Roka (Orc:2)
  Jorgrun (Orc:1)
  Donald (Orc:2)
  Kirke (Lair:6)
  Nessos (Orc:2)
  4 vault guards (D:13)
  3 catoblepae (Lair:6)
  11 hydras
  2 two-headed ogres
  8 death yaks
  Urug (Lair:3)
  3 orc high priests
  Sonja (Lair:4)
  Nergalle (Lair:2)
  An unseen horror (D:13)
  4 orc sorcerers
  5 orc knights
  4 manticores
  2 deep elf magi
  2 cyclopes
  11 elephants
  2 gargoyles (D:13)
  11 black mambas
  A torpor snail (Lair:4)
  10 cane toads
  2 rime drakes
  5 komodo dragons
  2 yaktaurs (D:14)
  3 tengu conjurers (D:13)
  A queen bee (Lair:4)
  6 trolls
  3 meliai (Lair:4)
  Prince Ribbit (D:6)
  9 slime creatures
  11 dream sheep
  10 hippogriffs
  20 blink frogs
  A shadow (D:13)
  50 yaks
  3 wyverns
  A vampire (D:10)
  4 hogs (Lair:6)
  3 wraiths
  10 basilisks
  A vampire mosquito (D:13)
  Menkaure (D:7)
  14 water moccasins
  5 wargs
  2 hell hounds (Lair:4)
  8 porcupines
  32 orc warriors
  5 sky beasts
  2 ice beasts
  3 necrophages
  An eye of draining (D:9)
  2 phantoms
  13 wolves
  7 centaurs
  11 ogres
  15 crocodiles
  13 bullfrogs
  2 big kobolds
  A gnoll sergeant (D:5)
  A wyvern skeleton (D:8)
  5 scorpions
  31 killer bees
  9 wights
  A howler monkey (D:13)
  A centaur zombie (D:10)
  6 jellies
  24 orc priests
  5 hounds
  A bullfrog skeleton (D:9)
  5 centaur skeletons
  24 orc wizards
  7 iguanas
  Crazy Yiuf (D:3)
  Jessica (D:2)
  2 gnoll shamans (D:5)
  11 worker ants
  4 hell rats (Lair:5)
  A big kobold zombie (Ossuary)
  A hound zombie (D:8)
  8 mummies (Ossuary)
  2 howler monkey skeletons
  5 worker ant zombies
  15 gnolls
  17 adders
  7 river rats
  A shadow imp (D:5)
  3 white imps
  3 ufetubi
  3 oozes (Lair:5)
  An adder skeleton (D:6)
  3 worms
  A dart slug (D:1)
  7 leopard geckos
  108 orcs
  5 bats
  4 giant cockroaches
  3 gnoll zombies
  7 goblins
  9 hobgoblins
  20 jackals
  4 quokkas
  4 ball pythons
  4 frilled lizards
  2 hobgoblin zombies (Ossuary)
  A jackal skeleton (D:8)
  A jackal zombie (D:7)
  16 kobolds
  4 orc zombies (Ossuary)
  18 rats
802 creatures vanquished.

Vanquished Creatures (others)
  A centaur (D:13)
  15 fungi
  21 plants
37 creatures vanquished.

Grand Total: 839 creatures vanquished

Notes
Turn   | Place    | Note
-------+----------+-------------------------------------------
     0 | D:1      | tilp the Spriggan Enchanter began the quest for the Orb.
     0 | D:1      | Reached XP level 1. HP: 9/9 MP: 5/5
   693 | D:1      | Reached XP level 2. HP: 13/13 MP: 6/6
   697 | D:1      | Learned a level 2 spell: Ensorcelled Hibernation
  1379 | D:2      | Reached skill level 5 in Stealth
  1418 | D:1      | Reached XP level 3. HP: 16/16 MP: 0/8
  1443 | D:1      | Learned a level 3 spell: Confusing Touch
  1797 | D:2      | Found a burning altar of Makhleb.
  2301 | D:2      | Noticed Jessica
  2310 | D:2      | Killed Jessica
  2310 | D:2      | Reached XP level 4. HP: 10/21 MP: 0/9
  2541 | D:2      | Found a shattered altar of Ashenzari.
  2543 | D:2      | Found a shadowy altar of Dithmenos.
  2635 | D:2      | Found a blossoming altar of Fedhas.
  2636 | D:2      | Found a glowing golden altar of the Shining One.
  2755 | D:2      | Found a basalt altar of Yredelemnul.
  2785 | D:2      | Found a shimmering blue altar of Sif Muna.
  2879 | D:3      | Found a runed translucent door.
  2880 | D:3      | Noticed Crazy Yiuf
  2887 | D:3      | Killed Crazy Yiuf
  2887 | D:3      | Reached skill level 5 in Hexes
  2979 | D:3      | Found a glowing drain.
  2990 | D:3      | Reached XP level 5. HP: 22/24 MP: 7/10
  3008 | Sewer    | Entered a sewer
  3362 | Sewer    | Found a white marble altar of Elyvilon.
  3515 | D:2      | Became a worshipper of Dithmenos the Shadowed
  3656 | D:3      | Found a sparkling altar of Nemelex Xobeh.
  4004 | D:3      | Reached XP level 6. HP: 28/28 MP: 7/11
  4495 | D:4      | Found a stormy altar of Qazlal.
  4636 | D:4      | Reached skill level 5 in Short Blades
  4636 | D:4      | Reached XP level 7. HP: 32/32 MP: 12/12
  4850 | D:4      | Reached skill level 1 in Fighting
  4850 | D:4      | Reached skill level 1 in Evocations
  5017 | D:5      | Entered Level 5 of the Dungeon
  5054 | D:5      | Reached * piety under Dithmenos
  5267 | D:5      | Found Xeddifin's Food Shop.
  5281 | D:5      | Found Witif's Antique Weapon Shoppe.
  5359 | D:5      | Reached skill level 5 in Dodging
  5430 | D:5      | Reached XP level 8. HP: 39/39 MP: 13/13
  5490 | D:5      | Found a staircase to the Ecumenical Temple.
  6212 | D:5      | Reached ** piety under Dithmenos
  6263 | D:5      | Reached skill level 1 in Shields
  6356 | D:5      | Learned a level 3 spell: Tukima's Dance
  6376 | D:5      | Learned a level 3 spell: Dazzling Flash
  6483 | D:6      | Noticed Prince Ribbit
  6502 | D:6      | Killed Prince Ribbit
  6712 | D:6      | Found a hide-covered altar of Uskayaw.
  6743 | D:6      | Found a shattered altar of Ashenzari.
  6974 | D:6      | You fall into a shaft and drop 2 floors!
  7082 | D:7      | Found a sand-covered staircase.
  7145 | Ossuary  | Entered an ossuary
  7370 | Ossuary  | Reached XP level 9. HP: 26/44 MP: 7/14
  7977 | D:7      | Noticed Menkaure
  7997 | D:7      | Killed Menkaure
  8181 | D:7      | Learned a level 2 spell: Slow
  8184 | D:7      | Learned a level 2 spell: Blink
  8566 | D:8      | Found a hide-covered altar of Uskayaw.
  8583 | D:8      | Reached *** piety under Dithmenos
  8753 | D:8      | Reached skill level 1 in Invocations
  8901 | D:8      | Noticed a troll
  8907 | D:8      | Killed a troll
  8907 | D:8      | Reached skill level 5 in Evocations
  9555 | D:8      | Reached XP level 10. HP: 49/49 MP: 14/17
  9656 | D:8      | Reached **** piety under Dithmenos
  9947 | D:9      | Reached skill level 10 in Stealth
 10058 | D:9      | Found a staircase to the Orcish Mines.
 10099 | D:9      | Learned a level 1 spell: Magic Dart
 10260 | D:9      | Noticed an eight-headed hydra
 10711 | D:9      | Killed an eight-headed hydra
 11132 | D:10     | Entered Level 10 of the Dungeon
 11446 | D:10     | Noticed a six-headed hydra
 11953 | D:10     | Reached ***** piety under Dithmenos
 11953 | D:10     | Reached XP level 11. HP: 52/52 MP: 7/18
 11970 | D:10     | Killed a six-headed hydra
 12694 | D:11     | Reached skill level 5 in Spellcasting
 12838 | D:11     | Noticed an eight-headed hydra
 13050 | D:11     | Reached skill level 5 in Invocations
 13276 | D:11     | Found a staircase to the Lair.
 13475 | D:11     | Noticed a deep elf mage
 13644 | D:11     | Killed a deep elf mage
 13988 | D:11     | Noticed a two-headed ogre
 14009 | D:11     | Killed a two-headed ogre
 14163 | D:11     | Killed an eight-headed hydra
 14636 | Lair:1   | Entered Level 1 of the Lair of Beasts
 14804 | Lair:1   | Reached XP level 12. HP: 58/58 MP: 6/22
 15627 | Lair:1   | Reached skill level 10 in Dodging
 15673 | Lair:1   | Noticed a seven-headed hydra
 15677 | Lair:1   | Killed a seven-headed hydra
 15838 | Lair:2   | Noticed a six-headed hydra
 15842 | Lair:2   | Killed a six-headed hydra
 15874 | Lair:2   | Noticed a five-headed hydra
 15877 | Lair:2   | Killed a five-headed hydra
 16017 | Lair:2   | Reached skill level 5 in Fighting
 16031 | Lair:2   | Found a staircase to the Swamp.
 16407 | Lair:2   | Noticed Nergalle
 16411 | Lair:2   | Killed Nergalle
 16830 | Lair:2   | Learned a level 2 spell: Call Imp
 16927 | Lair:3   | Reached skill level 10 in Hexes
 17191 | Lair:3   | Noticed a four-headed hydra
 17194 | Lair:3   | Killed a four-headed hydra
 17194 | Lair:3   | Reached skill level 10 in Short Blades
 17656 | Lair:3   | Noticed Urug
 17659 | Lair:3   | Killed Urug
 18391 | Lair:4   | Noticed a six-headed hydra
 18396 | Lair:4   | Killed a six-headed hydra
 18396 | Lair:4   | Reached skill level 10 in Evocations
 18493 | Lair:4   | Reached XP level 13. HP: 65/65 MP: 23/23
 18501 | Lair:4   | Reached skill level 15 in Stealth
 19022 | Lair:4   | Reached ****** piety under Dithmenos
 19221 | Lair:4   | Found a staircase to the Snake Pit.
 19324 | Lair:4   | Learned a level 3 spell: Frozen Ramparts
 19529 | Lair:4   | Noticed Sonja
 19662 | Lair:4   | Killed Sonja
 19667 | Lair:4   | Reached skill level 15 in Dodging
 20045 | Lair:4   | Reached skill level 1 in Ice Magic
 20089 | Lair:4   | Reached skill level 1 in Conjurations
 21003 | Lair:5   | Got a vibrating golden ring
 21004 | Lair:5   | Identified the ring "Uluteuz" {rElec Str-3 Dex+10 SInv
                  | Stlth+} (You found it on level 5 of the Lair of Beasts)
 21415 | Lair:5   | Found a runed translucent door.
 21416 | Lair:5   | Found a viscous altar of Jiyva.
 21416 | Lair:5   | Found a staircase to the Slime Pits.
 21516 | Lair:6   | Entered Level 6 of the Lair of Beasts
 21859 | Lair:6   | Reached XP level 14. HP: 70/70 MP: 13/26
 22120 | Lair:6   | Noticed Kirke
 23091 | Lair:6   | Noticed a sphinx
 23138 | Lair:6   | Killed Kirke
 24724 | Orc:1    | Entered Level 1 of the Orcish Mines
 24887 | Orc:2    | Entered Level 2 of the Orcish Mines
 25052 | Orc:2    | Noticed Donald
 25056 | Orc:2    | Killed Donald
 25066 | Orc:2    | Reached skill level 5 in Ice Magic
 25362 | Orc:2    | Noticed Nessos
 25387 | Orc:2    | Found a transporter.
 25422 | Orc:2    | Found a transporter.
 25426 | Orc:2    | Noticed p0werm0de's ghost (journeyman GrFi)
 25472 | Orc:2    | Killed Nessos
 26346 | Orc:2    | Reached skill level 5 in Conjurations
 26366 | Orc:2    | Noticed Saint Roka
 26477 | Orc:2    | Killed Saint Roka
 26477 | Orc:2    | Reached XP level 15. HP: 47/78 MP: 28/28
 26831 | Orc:2    | Found Suom's Distillery.
 26831 | Orc:2    | Found Wotoapes's Antique Armour Emporium.
 26833 | Orc:2    | Found Kuraacos's Distillery.
 26833 | Orc:2    | Found Liofeuza's Antique Armour Shop.
 26852 | Orc:2    | Bought a potion of degeneration for 14 gold pieces
 27004 | Orc:2    | Found a staircase to the Elven Halls.
 27369 | Orc:1    | Noticed Jorgrun
 27371 | Orc:1    | Killed Jorgrun
 27712 | Orc:2    | Learned a level 3 spell: Ozocubu's Armour
 28594 | D:13     | Found a gate to the Vaults.
 28881 | D:13     | Reached skill level 10 in Fighting
 28968 | D:13     | Found a portal to a secret trove of treasure.
 29325 | D:13     | Found Vyxutrogh's Pet Rocks.
 29919 | D:14     | Killed by mirror damage

Illustrated notes

Levels and vault maps discovered:
D:1:      saegor_arrival_miasma, layout_basic
D:2:      layout_loops_ring, bloody_makhleb, lemuel_zombie_altar_yredelemnul,
          nicolae_overflow_hidden_temple, led_sif_pool, uniq_jessica
D:3:      layout_loops_ring, nemelex_xobeh_ov_fountains_minmay, first_ration,
          portal_sewer_entry_c, uniq_crazy_yiuf_cottage
D:4:      layout_gridville, kennysheep_mini_moat, minmay_misc_feat_tiny
D:5:      layout_cave_pools, minmay_temple_entry_trees, serial_gnoll_camp,
          gnoll_camp_medium_01, gnoll_camp_mini_loothouse, gnoll_camp_mini_hut,
          gnoll_camp_mini_house, gnoll_camp_mini_shop, serial_shops, shop
D:6:      layout_basic, eat_drink_and_be_merry_uskayaw,
          cheibrodos_ashenzari_chains, uniq_prince_ribbit1
D:7:      layout_basic, enter_ossuary_2, uniq_menkaure
D:8:      layout_basic, special_room [special_room_orc], basic_altar
D:9:      layout_irregular_city, orc_0_dummy, grunt_ogre_cave
D:10:     layout_loops_cross, grunt_tough_drop
D:11:     layout_loops_cross, minmay_lair_entry_grove, patterned_corridor
D:12:     layout_irregular_city
D:13:     layout_irregular_city, lightli_vaults_fourway_checkpoint,
          enter_trove_3, drop_trap, guppyfry_shop_earth
D:14:     layout_basic, enter_bailey_1
Lair:1:   layout_cave_pods
Lair:2:   layout_cave_pods, swamp_mist, serial_bayou_shore_b, uniq_nergalle
Lair:3:   layout_regular_city, kennysheep_basilisk_garden, lemuel_fruit_tree,
          uniq_urug
Lair:4:   layout_roguey [special_room_bee], minmay_snake_entry_six_corridors,
          enter_volcano_3, chequers_serial_rivers_micro_e,
          infiniplex_staircase_pool, uniq_sonja
Lair:5:   layout_roguey, slime_altar_2, kennysheep_abandoned_house,
          infiniplex_staircase_pool_2
Lair:6:   evilmike_catoblepas_cave, layout_regular_city, uniq_kirke
Orc:1:    layout_caves, nicolae_orc_sculptors_studio, uniq_jorgrun
Orc:2:    grunt_orc_tribal_feast, layout_diamond_mine,
          gammafunk_ghost_stat_death, uniq_nessos, uniq_saint_roka, uniq_donald

Skill      XL: |  1  2  3  4  5  6  7  8  9 10 11 12 13 14 15 |
---------------+----------------------------------------------+-----
Hexes          | 4 5 6 8 9 10 12 | 12.0
Stealth        | 5 6 8 9 12 13 14 15 | 15.0
Short Blades   | 2 3 5 6 8 9 10 | 10.0
Fighting       | 2 3 4 6 8 10 | 10.1
Evocations     | 3 4 5 6 8 10 | 10.4
Dodging        | 5 8 9 11 15 | 15.2
Shields        | 3 4 |  4.0
Spellcasting   | 4 6 7 8 |  8.4
Invocations    | 3 4 5 6 |  6.0
Ice Magic      | 2 5 6 |  6.0
Conjurations   | 2 5 6 |  6.0

Action                   |  1- 3 |  4- 6 |  7- 9 | 10-12 | 13-15 || total
-------------------------+-------+-------+-------+-------+-------++-------
Melee: Dagger            |   118 |   165 |   393 |   575 |   996 ||  2247
       Falchion          |       |       |       |       |    25 ||    25
Throw: Stone             |     1 |       |       |       |       ||     1
       Dart              |       |       |     4 |       |     1 ||     5
 Cast: Corona            |    10 |       |       |       |       ||    10
       Ensorcelled Hiber |    21 |    13 |    56 |   155 |   274 ||   519
       Confusing Touch   |     1 |     4 |    18 |    25 |    65 ||   113
       Dazzling Flash    |       |       |       |     4 |    15 ||    19
       Frozen Ramparts   |       |       |       |       |     9 ||     9
       Call Imp          |       |       |       |       |     3 ||     3
Invok: Shadow Step       |       |       |       |     9 |     3 ||    12
Evoke: Wand              |       |       |     2 |     3 |    38 ||    43
       Lightning rod     |       |       |       |       |     4 ||     4
  Use: Scroll            |       |     6 |     9 |    18 |     3 ||    36
       Potion            |       |       |       |       |     3 ||     3
 Stab: Sleeping          |    18 |    29 |    60 |   115 |   194 ||   416
       Confused          |       |     4 |     9 |    22 |    57 ||    92
       Distracted        |       |       |     2 |     3 |     5 ||    10
       Paralysed         |       |       |       |     3 |       ||     3
       Invisible         |       |       |       |     4 |    16 ||    20
  Eat: Ration            |       |     1 |     2 |     5 |     4 ||    12
Armor: Robe              |    11 |    14 |    30 |    23 |    33 ||   111
Dodge: Dodged            |    94 |    92 |   296 |   245 |   712 ||  1439
Block: Buckler           |       |       |    22 |   206 |   368 ||   596
       Reflection        |       |       |       |     6 |     1 ||     7
       Rpst.: Falchion   |       |       |       |       |     3 ||     3

Table legend:
 A = Non-vault XP
 B = Vault XP
 C = Vault XP percentage of total XP
 D = Non-vault monster count
 E = Vault monster count
 F = Vault count percentage of total count
                 A         B        C        D         E       F
            +---------+---------+-------+---------+---------+-------
      Total |   77161 |   54426 |  41.4 |     550 |     252 |  31.4
            +---------+---------+-------+---------+---------+-------
        D:1 |      41 |       0 |   0.0 |      17 |       0 |   0.0
        D:2 |      60 |      40 |  40.0 |      27 |       3 |  10.0
        D:3 |      93 |      60 |  39.2 |      21 |       9 |  30.0
        D:4 |     499 |       0 |   0.0 |      21 |       0 |   0.0
        D:5 |     613 |     572 |  48.3 |      25 |      19 |  43.2
        D:6 |     159 |     268 |  62.8 |       9 |       1 |  10.0
        D:7 |     582 |     172 |  22.8 |      11 |       1 |   8.3
        D:8 |    1996 |     639 |  24.3 |      27 |      25 |  48.1
        D:9 |    2370 |    1971 |  45.4 |      27 |       5 |  15.6
       D:10 |    1569 |    1807 |  53.5 |      18 |       5 |  21.7
       D:11 |    6921 |    1518 |  18.0 |      57 |      12 |  17.4
       D:12 |    4618 |       0 |   0.0 |      40 |       0 |   0.0
       D:13 |    6907 |    6429 |  48.2 |      23 |      15 |  39.5
       D:14 |     846 |       0 |   0.0 |       3 |       0 |   0.0
     Lair:1 |    3553 |       0 |   0.0 |      13 |       0 |   0.0
     Lair:2 |    4239 |     792 |  15.7 |      15 |       1 |   6.2
     Lair:3 |    6851 |    2014 |  22.7 |      29 |       9 |  23.7
     Lair:4 |   12409 |    4539 |  26.8 |      34 |      39 |  53.4
     Lair:5 |    7072 |     793 |  10.1 |      21 |      17 |  44.7
     Lair:6 |   10825 |   14316 |  56.9 |      41 |      28 |  40.6
      Orc:1 |    2196 |    6925 |  75.9 |      38 |      15 |  28.3
      Orc:2 |    2742 |   11278 |  80.4 |      33 |      22 |  40.0
      Sewer |       0 |     116 | 100.0 |       0 |      10 | 100.0
    Ossuary |       0 |     177 | 100.0 |       0 |      16 | 100.0
            +---------+---------+-------+---------+---------+-------
